AoeStats
← MrFox

Arabia

504717611Analyzed
1v1 RM · 27d ago on Sep 6, 2026· 41m 36s· 2 players
Game mode
Random Map
Map size
Tiny (2 player)
Population
200
Speed
Normal
Resources
Standard
Victory
Conquest
Starting age
Dark Age
Ending age
Imperial Age
RankedLock teamsTeams togetherTeam positionsShared explorationLock speedFull tech treeHidden civsTurbo modeCheats
Victory
Defeat
🇮🇳 Romans · India
1061
+17
🇬🇧 Lithuanians · United Kingdom
1092
-17
MrFox
3:34 Loom
9:24 Feudal Age
9:50 Double-Bit Axe
11:16 Double-Bit Axe
12:11 Horse Collar
14:36 Forging
21:22 Castle Age
19:15 Man-at-Arms
20:31 Scale Mail Armor
23:22 Long Swordsman
26:31 Squires
27:36 Pikeman
30:27 Iron Casting
33:21 Chain Mail Armor
35:54 Imperial Age
38:39 Blast Furnace
37:02 Legionary
38:55 Wheelbarrow
38:06 Town Watch
40:24 Hand Cart
40:09 Town Patrol
InvaderDM
5:29 Loom
10:21 Feudal Age
11:08 Horse Collar
20:45 Castle Age
19:58 Double-Bit Axe
21:14 Pikeman
24:47 Forging
24:50 Town Watch
27:06 Heavy Plow
29:03 Iron Casting
29:09 Squires
31:24 Wheelbarrow
30:26 Light Cavalry
31:23 Fletching
32:07 Bloodlines
32:20 Bloodlines
32:36 Ballistics
32:59 Hill Forts
34:59 Bodkin Arrow
35:54 Masonry
38:57 Imperial Age
37:07 Murder Holes
37:33 Treadmill Crane
38:06 Scale Barding Armor
39:24 Stone Mining
40:17 Hoardings
41:50 Bracer
Connection lost

Rejoining the realm…

Still unreachable

The connection could not be restored.

Session expired

The server has moved on; the page needs a fresh start.